 Dungeon Crawl Stone Soup version 0.27.1-2-g3b301248ec (console) character file.

Game seed: 1114803382387257094

10527 Banquo the Carver (level 11, -5/78 HPs)
             Began as a Djinni Berserker on Oct 2, 2021.
             Was an Elder of Trog.
             Slain by a gargoyle (12 damage)
             ... on level 10 of the Dungeon.
             The game lasted 00:44:09 (12400 turns).

Banquo the Carver (Djinni Berserker)               Turns: 12400, Time: 00:44:10

Health: -5/78      AC: 14    Str: 16    XL:     11   Next: 94%
Gold:   296        EV: 14    Int: 14    God:    Trog [****..] SH: 13 Dex: 20

rFire    + + +     SeeInvis .   a - +4 long sword
rCold    x . .     Faith    .   i - +2 kite shield {rN+}
rNeg     + . .     Spirit   .   d - +5 ring mail of Tomorrow {Int+3}
rPois    ∞         Reflect  .   h - +0 helmet
rElec    .         Harm     .   e - +0 cloak
rCorr    .         Rampage  .   g - +0 pair of gloves
Will     +....                  (boots unavailable)
Stlth    +.........             V - amulet of the acrobat
HPRegen  0.23/turn              f - +6 ring of dexterity
MPRegen  0.00/turn              y - ring of protection from fire

@: on berserk cooldown, flying, slowed, very slow
A: sickness immunity, fire resistance 2, cold vulnerability 1, float, innate
caster, hp casting, extra vitality 1
a: Renounce Religion, Berserk, Trog's Hand, Brothers in Arms


You were on level 10 of the Dungeon.
You worshipped Trog.
Trog was greatly pleased with you.
You visited 2 branches of the dungeon, and saw 11 of its levels.

You collected 530 gold pieces.
You spent 234 gold pieces at shops.

Inventory:

Hand Weapons
 a - a +4 long sword (weapon)
 j - a +3 great sword
 l - a +2 broad axe of flaming
 s - a +4 dagger
 E - a +2 whip of freezing
 G - a +0 whip of electrocution
 I - a +1 whip of venom
 M - a +1 falchion
 P - a +5 spear
Missiles
 c - 383 stones (quivered)
 p - 5 silver javelins
 x - 59 poisoned darts
 H - 6 curare-tipped darts
Armour
 d - the +5 ring mail of Tomorrow (worn) {Int+3}
   (You bought it in a shop on level 5 of the Dungeon)

   Int:       It affects your intelligence (+3).
 e - a +0 cloak (worn)
 g - a +0 pair of gloves (worn)
 h - a +0 helmet (worn)
 i - a +2 kite shield of positive energy (worn)
 o - a +0 pair of gloves
 u - a +0 plate armour
 v - a +0 pair of gloves
 F - +0 steam dragon scales
 K - the +2 robe of the Vestibule of Hell {+Blink Str+2 Int-3}
   (You found it on level 4 of the Dungeon)

   Str:       It affects your strength (+2).
   Int:       It affects your intelligence (-3).
   +Blink:    It lets you blink.
 S - a +1 robe of resistance
 U - the +1 leather armour "Lanuorogg" {Str+4}
   (You found it on level 9 of the Dungeon)

   Str:       It affects your strength (+4).
Jewellery
 f - a +6 ring of dexterity (left hand)
 y - a ring of protection from fire (right hand)
 J - a ring of fire
 V - an amulet of the acrobat (around neck)
Wands
 r - a wand of flame (16)
 L - a wand of paralysis (6)
 N - a wand of iceblast (11)
 R - a wand of acid (10)
Scrolls
 b - a scroll of identify
 k - a scroll of fear
 m - a scroll of magic mapping
 q - a scroll of noise
 D - 3 scrolls of teleportation
Potions
 n - 3 potions of heal wounds
 t - a potion of mutation
 w - 2 potions of might
 B - a potion of attraction
 C - 3 potions of haste
 O - a potion of berserk rage
 Q - a potion of brilliance


   Skills:
 + Level 6.8 Fighting
 * Level 12.0 Long Blades
 - Level 4.4 Armour
 * Level 8.1 Dodging
 * Level 7.2 Shields
 - Level 0.1 Spellcasting


You couldn't memorise any spells.
You knew the following spells:

 Your Spells              Type           Power      Damage    Failure   Level
a - Sandblast             Erth           0%         2d4       80%         1
b - Searing Ray           Conj           0%         3d3       90%         2
c - Call Canine Familiar  Summ           0%         N/A       99%         3
d - Agony                 Necr           0%         N/A       100%        5
D - Inner Flame           Hex/Fire       0%         N/A       99%         3
Your spell library was empty.

Dungeon Overview and Level Annotations

Branches:
Dungeon (10/15)            Temple (1/1) D:7
   Lair: D:8-11         Orc: D:9-12

Altars:
Ashenzari
Cheibriados
Dithmenos
Elyvilon
Fedhas
Gozag
Hepliaklqana
Kikubaaqudgha
Makhleb
Nemelex Xobeh
Okawaru
Qazlal
Ru
Sif Muna
Trog
Uskayaw
Vehumet
Wu Jian
Xom
Yredelemnul
Zin
The Shining One

Shops:
D:5 ([[


Innate Abilities, Weirdness & Mutations

You are immune to sickness and miasma.
You are immune to poison.
Your flesh is very heat resistant. (rF++)
You are vulnerable to cold. (rC-)
You float through the air rather than walking.
You learn spells naturally, not from books.
Your magical power is your life essence.
You have superior vitality. (+4 HP)


Message History

The gargoyle hurls a stone arrow at you.
The stone arrow hits you but does no damage.
You hit the gargoyle.
The gargoyle is lightly damaged.
The gargoyle hits you with a +0 morningstar!
You hit the gargoyle.
The gargoyle is lightly damaged.
You block the gargoyle's attack.
You hit the gargoyle but do no damage.
The gargoyle is lightly damaged.
The gargoyle hurls a stone arrow at you.
The stone arrow hits you!! You block the gargoyle's attack.
You hit the gargoyle but do no damage.
The gargoyle is lightly damaged.
The gargoyle completely misses you.
You hit the gargoyle.
The gargoyle is moderately damaged.
The gargoyle hurls a stone arrow at you.
The stone arrow misses you.
The gargoyle hits you with a +0 morningstar!
You hit the gargoyle but do no damage.
The gargoyle is moderately damaged.
The gargoyle closely misses you.
You riposte.
You hit the gargoyle.
The gargoyle is moderately damaged.
You closely miss the gargoyle.
The gargoyle is moderately damaged.
The gargoyle hurls a stone arrow at you.
The stone arrow hits you!!
* * * LOW HITPOINT WARNING * * *
The gargoyle barely misses you.
You riposte.
You hit the gargoyle.
The gargoyle is heavily damaged.
You barely miss the gargoyle.
The gargoyle is heavily damaged.
The gargoyle closely misses you.
You riposte.
You hit the gargoyle but do no damage.
The gargoyle is heavily damaged.
You hit the gargoyle but do no damage.
The gargoyle is heavily damaged.
The gargoyle hits you with a +0 morningstar!
You die...

................#### ......
########............ ......
#............ ......
######..≈≈....... ≈≈....
..........≈....... ≈.....
.................. ......
...............≈.. ......
##########9...≈8≈. #. #@#######
#. #)# #. #)# #.
################.###############.
.................................
...............############...###
#############..# #...# #..# #...#
#..# #...#


You could see a gargoyle.

Vanquished Creatures
  A hydra (D:9)
  A two-headed ogre (D:10)
  Pikel (D:5)
  An ugly thing (D:10)
  Maggie (D:7)
  A troll (D:10)
  2 hornets
  3 wyverns
  16 yaks
  A steam dragon (D:8)
  Menkaure (D:4)
  Duvessa (D:4)
  A water moccasin (D:6)
  5 orc warriors
  2 sky beasts
  A black bear (D:6)
  5 ogres
  4 centaurs
  A hornet zombie (D:6)
  A lemure (D:5)
  A phantom (D:4)
  3 kobold brigands
  3 bullfrogs
  A wyvern zombie (D:7)
  4 scorpions
  2 water moccasin skeletons
  Dowan (D:4)
  9 wights
  5 howler monkeys
  3 centaur zombies
  A hound (D:5)
  2 jellies
  5 orc priests
  A gnoll shaman (D:7)
  A bullfrog skeleton (D:7)
  2 iguanas
  10 orc wizards
  Terence (D:2)
  A killer bee zombie (D:7)
  A hound skeleton (D:4)
  A howler monkey zombie (D:5)
  7 gnolls
  6 adders
  2 shadow imps
  2 white imps
  An adder skeleton (D:4)
  A worm (D:4)
  2 dart slugs
  27 orcs
  8 endoplasms
  3 giant cockroaches
  17 goblins
  5 hobgoblins
  6 jackals
  20 kobolds
  2 quokkas (D:1)
  9 ball pythons
  6 bats
  6 rats
238 creatures vanquished.

Vanquished Creatures (others)
  5 toadstools (D:1)
5 creatures vanquished.

Grand Total: 243 creatures vanquished

Notes
Turn   | Place    | Note
-------+----------+-------------------------------------------
     0 | D:1      | Banquo the Djinni Berserker began the quest for the Orb.
     0 | D:1      | Reached XP level 1. HP: 20/20 MP: 0/0
   266 | D:1      | Reached XP level 2. HP: 21/25 MP: 0/0
   282 | D:1      | Reached skill level 3 in Long Blades
   734 | D:1      | Reached XP level 3. HP: 28/30 MP: 0/0
   734 | D:1      | Learned a level 1 spell: Sandblast
  1344 | D:2      | Noticed Terence
  1476 | D:2      | Killed Terence
  1476 | D:2      | Reached ** piety under Trog
  1477 | D:2      | Reached XP level 4. HP: 37/37 MP: 0/0
  1822 | D:2      | Reached skill level 4 in Long Blades
  2028 | D:2      | Reached XP level 5. HP: 32/41 MP: 0/0
  2028 | D:2      | Learned a level 2 spell: Searing Ray
  2856 | D:3      | Noticed an ogre
  2860 | D:3      | Reached XP level 6. HP: 47/47 MP: 0/0
  2864 | D:3      | Killed an ogre
  2865 | D:3      | Reached skill level 5 in Long Blades
  2871 | D:3      | Reached *** piety under Trog
  3021 | D:3      | Found a faded altar of an unknown god.
  3660 | D:4      | Reached XP level 7. HP: 53/53 MP: 0/0
  3660 | D:4      | Learned a level 3 spell: Call Canine Familiar
  3738 | D:4      | Reached skill level 6 in Long Blades
  3830 | D:4      | Noticed Menkaure
  3838 | D:4      | Killed Menkaure
  4049 | D:4      | Reached XP level 8. HP: 45/58 MP: 0/0
  4230 | D:4      | Noticed Duvessa
  4230 | D:4      | Noticed Dowan
  4285 | D:4      | Killed Dowan
  4489 | D:4      | Identified the +2 robe of the Vestibule of Hell {+Blink
                  | Str+2 Int-3}
  4600 | D:4      | Killed Duvessa
  4601 | D:4      | Reached skill level 7 in Long Blades
  4681 | D:5      | Entered Level 5 of the Dungeon
  5516 | D:5      | Found Ibaluog's Weapon Emporium.
  5600 | D:5      | Found Liufor's Antique Armour Shop.
  5666 | D:5      | Reached XP level 9. HP: 63/64 MP: 0/0
  5666 | D:5      | Learned a level 3 spell: Inner Flame
  5683 | D:5      | Reached skill level 5 in Fighting
  5683 | D:5      | Reached skill level 8 in Long Blades
  5994 | D:5      | Noticed Pikel
  6075 | D:5      | Killed Pikel
  6076 | D:5      | Reached skill level 5 in Dodging
  6076 | D:5      | Reached skill level 1 in Shields
  6132 | D:5      | You are sucked into a shaft and drop 3 floors!
  6177 | D:8      | Noticed a hornet
  6241 | D:7      | Reached **** piety under Trog
  6244 | D:7      | Reached skill level 9 in Long Blades
  6322 | D:7      | Noticed Maggie
  6331 | D:7      | Killed Maggie
  6469 | D:6      | Reached XP level 10. HP: 13/70 MP: 0/0
  6845 | D:5      | Found Duim's Antique Armour Shoppe.
  6852 | D:5      | Bought a dazzling ring mail for 234 gold pieces
  6852 | D:5      | Identified the +5 ring mail of Tomorrow {Int+3} (You bought
                  | it in a shop on level 5 of the Dungeon)
  6967 | D:5      | Found a shadowy altar of Dithmenos.
  6967 | D:5      | Found a blossoming altar of Fedhas.
  7214 | D:6      | Found a broken altar of Ashenzari.
  7334 | D:6      | Found a stormy altar of Qazlal.
  7659 | D:6      | Found a snail-covered altar of Cheibriados.
  8200 | D:7      | Reached skill level 10 in Long Blades
  8275 | D:7      | Found a staircase to the Ecumenical Temple.
  8293 | Temple   | Entered the Ecumenical Temple
  9738 | D:8      | Reached skill level 5 in Shields
  9871 | D:8      | Reached XP level 11. HP: 76/76 MP: 0/0
  9871 | D:8      | Learned a level 5 spell: Agony
 10424 | D:9      | Noticed a seven-headed hydra
 10622 | D:9      | Identified the +1 leather armour "Lanuorogg" {Str+4}
 10696 | D:9      | Reached skill level 11 in Long Blades
 11074 | D:9      | Found a sacrificial altar of Ru.
 11090 | D:9      | Found an opulent altar of Gozag.
 11288 | D:9      | Killed a two-headed hydra
 11455 | D:10     | Entered Level 10 of the Dungeon
 11700 | D:10     | Noticed a two-headed ogre
 11708 | D:10     | Killed a two-headed ogre
 11983 | D:10     | Noticed a white ugly thing
 12011 | D:10     | Killed a white ugly thing
 12020 | D:10     | Reached skill level 12 in Long Blades
 12400 | D:10     | Slain by a gargoyle

Illustrated notes

Levels and vault maps discovered:
D:1:      ldierk_walled_garden, layout_basic, hex_large
D:2:      layout_rooms, uniq_terence
D:3:      layout_basic, dreamdust_ecumenical_altar_grove, minmay_ogre_servants
D:4:      layout_gridville, uniq_menkaure, uniq_duvessa
D:5:      minmay_general_purpose_star, layout_loops_corners,
          gammafunk_temple_overflow_elements, serial_shops, nicolae_shop_stone,
          nicolae_shop_trees, kennysheep_mini_moat, minmay_liquid_box,
          uniq_pikel
D:6:      layout_loops_cross, mainiacjoe_overflow_tiny_flanked,
          mainiacjoe_overflow_catch_the_wave, grunt_ministairs_8
D:7:      layout_basic, minmay_temple_entry_statues_pillars,
          chequers_serial_rivers_small_a, uniq_maggie
D:8:      layout_basic, chequers_serial_rivers_room_b
D:9:      layout_basic, nicolae_gozag_seed_capital,
          mainiacjoe_overflow_cross_hatched
D:10:     layout_long_grid, kennysheep_decorative_pillar
Temple:   regret_index_temple_waves

Skill      XL: |  1  2  3  4  5  6  7  8  9 10 11 |
---------------+----------------------------------+-----
Long Blades    | 3 4 5 6 7 9 10 12 | 12.0
Fighting       | 4 5 6 |  6.8
Dodging        | 3 4 5 7 8 |  8.1
Armour         | 3 4 |  4.4
Shields        | 2 5 7 |  7.2
Spellcasting   | |  0.1

Action                   |  1- 3 |  4- 6 |  7- 9 | 10-12 || total
-------------------------+-------+-------+-------+-------++-------
Melee: Falchion          |    69 |   131 |   215 |   148 ||   563
       Long sword        |       |       |       |   340 ||   340
       Broad axe         |       |       |       |     5 ||     5
Invok: Berserk           |     2 |     7 |    18 |    14 ||    41
       Trog's Hand       |       |       |     2 |     3 ||     5
  Use: Scroll            |       |       |     9 |     9 ||    18
 Stab: Sleeping          |     3 |     2 |     1 |       ||     6
Armor: Animal skin       |    20 |    21 |       |       ||    41
       Leather armour    |       |     5 |    20 |       ||    25
       Robe              |       |       |    14 |       ||    14
       Steam dragon scal |       |       |     2 |     1 ||     3
       Ring mail         |       |       |       |   140 ||   140
Dodge: Dodged            |    44 |    61 |   116 |   203 ||   424
Block: Kite shield       |       |       |    49 |   284 ||   333
       Rpst.: Falchion   |    16 |    24 |    46 |    12 ||    98
       Long sword        |       |       |       |    25 ||    25
